 Dungeon Crawl Stone Soup version 0.17.1-2-g5865329 (webtiles) character file.

32636 Metrazal the Whirler (level 13, -13/57 HPs)
             Began as a Spriggan Assassin on Feb 6, 2016.
             Was a Priest of Elyvilon.
             Killed from afar by Azrael (41 damage)
             ... with a blast of hellfire
             ... on level 14 of the Dungeon.
             The game lasted 04:45:47 (21956 turns).

Metrazal the Whirler (Spriggan Assassin)           Turns: 21956, Time: 04:45:47

Health: -13/57     AC:  4    Str:  7    XL:     13   Next: 32%
Magic:  14/14      EV: 36    Int: 13    God:    Elyvilon [***...]
Gold:   873        SH:  0    Dex: 24    Spells: 0 memorised, 12 levels left

rFire  . . .     SeeInvis +     c - +0 hunting sling
rCold  . . .     Clarity  .     X - +1 robe {rN+}
rNeg   + . .     SustAt   .     (shield restricted)
rPois  +         Gourm    .     Z - +0 hat
rElec  .         Spirit   .     i - +0 cloak
rCorr  .         Warding  .     (gloves unavailable)
rMut   +         Stasis   .     (boots unavailable)
MR     ++...                    B - amulet of resist mutation
Stlth  ++++......               Q - ring of poison resistance
                                P - +2 ring of dexterity

@: very quick, very resistant to hostile enchantments, stealthy
A: unfitting armour, see invisible, herbivore 3, speed 3, slow metabolism 2
a: Lesser Healing, Heal Other, Purification, Divine Protection, Renounce
Religion


You were on level 14 of the Dungeon.
You worshipped Elyvilon.
Elyvilon was most pleased with you.
You were not hungry.

You visited 2 branches of the dungeon, and saw 15 of its levels.

You collected 873 gold pieces.

Inventory:

Hand Weapons
 a - a +2 dagger
 b - a +0 blowgun
 c - a +0 hunting sling (weapon)
 W - a +0 shortbow of flaming
Missiles
 e - 5 poisoned needles
 m - 90 stones (quivered)
 s - 28 sling bullets
 t - 225 arrows
 y - 22 arrows of frost
 A - 3 poisoned sling bullets
Armour
 i - a +0 cloak (worn)
 C - a +0 robe
 X - a +1 robe of positive energy (worn)
 Z - a +0 hat (worn)
Jewellery
 r - an uncursed ring of stealth
 w - an uncursed ring of flight
 B - an amulet of resist mutation (around neck)
 P - a +2 ring of dexterity (left hand)
 Q - a ring of poison resistance (right hand)
Wands
 E - a wand of frost (24)
 H - a wand of hasting (3)
 K - a wand of heal wounds (3)
 R - a wand of polymorph (13)
 S - a wand of cold (3)
 V - a wand of fire (6)
Scrolls
 d - a scroll of acquirement {unknown}
 j - a scroll of recharging {unknown}
 k - 5 scrolls of amnesia
 n - 3 scrolls of random uselessness {unknown}
 o - 4 scrolls of enchant armour
 v - a scroll of blinking
 D - 2 scrolls of magic mapping {unknown}
 F - a scroll of fear {unknown}
 I - 3 scrolls of teleportation
 M - 2 scrolls of enchant weapon {unknown}
 N - 5 scrolls of fog
 U - 3 scrolls of remove curse
 Y - a scroll of identify
Potions
 h - a potion of cancellation {unknown}
 l - 3 potions of poison {unknown}
 p - 4 potions of flight
 q - 2 potions of might
 u - 2 potions of haste {unknown}
 x - 4 potions of curing
 z - a potion of heal wounds
 G - a potion of lignification {unknown}
 J - a potion of brilliance {unknown}
 O - a potion of agility
 T - a potion of mutation {unknown}
Comestibles
 g - 10 bread rations
 L - 7 slices of pizza


   Skills:
 - Level 1.6 Fighting
 - Level 2.1 Short Blades
 + Level 17.8 Slings
 + Level 12.8 Bows
 - Level 2.0(10.5) Throwing
 + Level 16.3 Dodging
 - Level 6.0 Stealth


You had 12 spell levels left.
You didn't know any spells.

Dungeon Overview and Level Annotations

Branches:
Dungeon (14/15)            Temple (1/1) D:7            Lair (0/8) D:8
    Orc (0/4) D:10         Vaults (0/5) D:14

Altars:
Ashenzari
Cheibriados
Dithmenos
Elyvilon
Fedhas
Gozag
Kikubaaqudgha
Makhleb
Nemelex Xobeh
Okawaru
Qazlal
Ru
Sif Muna
Trog
Vehumet
Xom
Yredelemnul
Zin
The Shining One
Beogh

Shops:
D:6 :

Annotations:
D:5 Zeloya's ghost, novice KoWr
D:14 Azrael


Innate Abilities, Weirdness & Mutations

You are tiny and cannot use many weapons and most armour.
You have supernaturally acute eyesight.
You are a herbivore.
You cover ground extremely quickly.
You need consume almost no food.


Message History

Aim: a hell hound (severely wounded)
The bolt of cold hits the hell hound.
The hell hound is frozen!
You kill the hell hound!
This wand has 4 charges left.
Azrael opens the door.
Press: ? - help, v - describe, . - travel A rock wall.
Unknown command.
Zapping:
S - a wand of cold (4)
Press: ? - help, Shift-Dir - straight line, f - Azrael
Aim: Azrael, wielding a scimitar of flaming The bolt of cold misses Azrael.
This wand has 3 charges left.
Azrael gestures at you.
The fireball explodes!
The fireball engulfs you!
Ouch! That really hurt!
You hear a bark!
Azrael gestures at you.
The hellfire explodes!
The blast of hellfire engulfs you!
Ouch! That really hurt!
You die...

### #.# #.#
####.###########
#####...............
....................
............@...#
+#####'#....#'###
.h.+....#...
.h...#..†.#.....
..Eh...#....#......#
.§§.§§§R....#......+
########....########
.......).......[
............####


You could see Azrael.

Vanquished Creatures
  Rupert (D:12)
  8 vault guards (D:13)
  A deep elf high priest (D:12)
  3 hydras
  4 unseen horrors
  An orc knight (D:12)
  3 hill giants
  Pikel (D:4)
  A cyclops (D:12)
  A manticore (D:12)
  2 gargoyles
  2 komodo dragons
  3 slime creatures (D:12)
  2 trolls (D:12)
  A two-headed ogre (D:12)
  2 wyverns
  A hog (shapeshifter) (D:13)
  A wraith (D:13)
  A basilisk (D:8)
  A hog (D:9)
  A human (D:9)
  35 yaks
  A hungry ghost (D:14)
  A deep elf mage (D:12)
  A hippogriff (D:12)
  2 water moccasins (D:12)
  Edmund (D:4)
  A soldier ant (D:12)
  A hell hound (D:14)
  2 vampire mosquitoes (D:12)
  3 sky beasts
  7 orc warriors
  2 porcupines (D:8)
  3 black bears
  3 phantoms
  3 eyes of draining
  6 ogres
  An ice beast (D:13)
  2 crocodiles (D:8)
  7 giant frogs
  7 centaurs
  A scorpion (D:10)
  A water moccasin skeleton (D:10)
  7 killer bees
  5 wights (D:9)
  A quasit (D:11)
  8 crimson imps
  9 orc wizards
  6 jellies
  4 centaur zombies
  3 centaur skeletons
  Crazy Yiuf (D:4)
  2 giant frog skeletons
  A gnoll shaman (D:9)
  4 hounds
  4 orc priests
  4 iguanas
  8 worker ants
  5 sheep
  A hound zombie (D:6)
  A hound skeleton (D:11)
  2 river rats (D:8)
  A worker ant zombie (D:11)
  5 gnolls (D:9)
  13 adders
  2 shadow imps
  An adder skeleton (D:6)
  2 worms
  3 giant geckos
  45 orcs
  3 giant cockroaches
  7 goblins
  3 hobgoblins (D:2)
  3 kobolds
  5 quokkas
  A ball python (D:1)
  6 bats
  A giant gecko skeleton (D:5)
  A giant gecko zombie (D:5)
  3 giant newts
  19 jackals
  A jackal zombie (D:7)
  7 rats
  A plant (D:8)
341 creatures vanquished.

Vanquished Creatures (others)
  A plant (D:8)
1 creature vanquished.

Grand Total: 342 creatures vanquished

Notes
Turn   | Place    | Note
--------------------------------------------------------------
     0 | D:1      | Metrazal the Spriggan Assassin began the quest for the Orb.
     0 | D:1      | Reached XP level 1. HP: 10/10 MP: 2/2
   157 | D:1      | Reached skill level 6 in Stealth
   287 | D:1      | Reached XP level 2. HP: 11/14 MP: 3/3
   747 | D:2      | Reached XP level 3. HP: 14/18 MP: 4/4
   829 | D:2      | Found a shattered altar of Ashenzari.
   947 | D:2      | Reached skill level 5 in Dodging
  1276 | D:3      | Reached XP level 4. HP: 22/22 MP: 5/5
  1503 | D:3      | Found a sacrificial altar of Ru.
  1974 | D:4      | Noticed Edmund
  2025 | D:4      | Killed Edmund
  2025 | D:4      | Reached skill level 8 in Dodging
  2025 | D:4      | Reached XP level 5. HP: 22/25 MP: 6/6
  2180 | D:4      | Reached XP level 6. HP: 22/30 MP: 7/7
  2328 | D:4      | Noticed Crazy Yiuf
  2359 | D:4      | Killed Crazy Yiuf
  2359 | D:4      | Reached skill level 1 in Slings
  2513 | D:4      | Noticed Pikel
  2553 | D:4      | Killed Pikel
  2553 | D:4      | Reached XP level 7. HP: 12/33 MP: 8/8
  2744 | D:4      | Noticed a freed slave
  2761 | D:4      | Noticed a freed slave
  2768 | D:4      | Noticed a freed slave
  2914 | D:5      | Entered Level 5 of the Dungeon
  3395 | D:5      | Noticed Zeloya's ghost (novice KoWr)
  4208 | D:5      | Reached XP level 8. HP: 22/37 MP: 9/9
  4841 | D:6      | Found Qotan's Book Boutique.
  4966 | D:6      | Reached skill level 1 in Bows
  5067 | D:6      | Reached skill level 9 in Slings
  5951 | D:7      | Found a staircase to the Ecumenical Temple.
  5963 | Temple   | Entered the Ecumenical Temple
  6164 | D:7      | Reached skill level 10 in Slings
  6549 | D:7      | Reached XP level 9. HP: 28/42 MP: 10/10
  6690 | D:7      | Reached skill level 10 in Dodging
  7051 | D:8      | Reached skill level 11 in Slings
  7126 | D:8      | Reached skill level 5 in Bows
  7265 | D:8      | Reached skill level 12 in Slings
  7538 | D:8      | Found a staircase to the Lair.
  7596 | D:8      | Reached XP level 10. HP: 46/46 MP: 11/11
  7716 | D:8      | Found a white marble altar of Elyvilon.
  7727 | D:8      | Became a worshipper of Elyvilon the Healer
  7739 | D:8      | Found a blossoming altar of Fedhas.
  8286 | D:8      | Found a basalt altar of Yredelemnul.
  8341 | D:8      | Found a deep blue altar of Sif Muna.
  8428 | D:8      | Found a burning altar of Makhleb.
  9045 | D:9      | Reached skill level 13 in Slings
  9600 | D:9      | Found a glowing silver altar of Zin.
  9796 | D:9      | Found a glowing golden altar of the Shining One.
 10407 | D:10     | Entered Level 10 of the Dungeon
 10422 | D:10     | Reached * piety under Elyvilon
 10727 | D:10     | Noticed a hill giant
 10772 | D:10     | Killed a hill giant
 10772 | D:10     | Reached skill level 14 in Slings
 10883 | D:10     | Found a staircase to the Orcish Mines.
 11136 | D:10     | Reached XP level 11. HP: 49/49 MP: 12/12
 11654 | D:11     | Noticed an unseen horror
 11673 | D:11     | Killed an unseen horror
 12438 | D:11     | Noticed a four-headed hydra
 12486 | D:11     | Killed a four-headed hydra
 13269 | D:11     | Reached ** piety under Elyvilon
 13467 | D:11     | Reached skill level 15 in Slings
 14096 | D:12     | Noticed a seven-headed hydra
 14261 | D:12     | Killed a seven-headed hydra
 14602 | D:12     | Reached skill level 10 in Bows
 15070 | D:12     | Noticed an unseen horror
 15088 | D:12     | Killed an unseen horror
 15169 | D:12     | Noticed a deep elf high priest
 15190 | D:12     | Killed a deep elf high priest
 15748 | D:12     | Reached XP level 12. HP: 53/53 MP: 13/13
 15915 | D:12     | Reached skill level 16 in Slings
 17114 | D:12     | Found a roughly hewn altar of Beogh.
 17631 | D:12     | Noticed a four-headed hydra
 17844 | D:12     | Killed a four-headed hydra
 18336 | D:13     | Noticed Rupert
 18468 | D:12     | Killed Rupert
 18814 | D:13     | Reached skill level 17 in Slings
 18814 | D:13     | Reached skill level 15 in Dodging
 19180 | D:13     | Reached *** piety under Elyvilon
 19965 | D:14     | Noticed a vault guard
 19965 | D:14     | Noticed a vault guard
 19968 | D:14     | Noticed a vault guard
 20041 | D:13     | Killed a vault guard
 20274 | D:13     | Killed a vault guard
 20429 | D:14     | Noticed a vault guard
 20456 | D:14     | Found a gate to the Vaults.
 20543 | D:13     | Reached XP level 13. HP: 46/57 MP: 14/14
 20723 | D:13     | Killed a vault guard
 20849 | D:14     | Noticed a vault guard
 20982 | D:13     | Killed a vault guard
 21111 | D:13     | Killed a vault guard
 21209 | D:14     | Noticed a vault guard
 21269 | D:13     | Killed a vault guard
 21406 | D:14     | Noticed a vault guard
 21540 | D:13     | Killed a vault guard
 21714 | D:14     | Noticed a vault guard
 21763 | D:13     | Killed a vault guard
 21944 | D:14     | Noticed Azrael
 21956 | D:14     | Killed from afar by Azrael

Action                   |  1- 3 |  4- 6 |  7- 9 | 10-12 | 13-15 || total
-------------------------+-------+-------+-------+-------+-------++-------
Melee: Dagger            |    42 |    49 |       |    44 |       ||   135
 Fire: Blowgun           |    36 |    44 |    51 |   174 |    28 ||   333
       Hunting sling     |       |    22 |   544 |  1694 |    64 ||  2324
       Shortbow          |       |       |     1 |   247 |   164 ||   412
Throw: Stone             |    27 |    36 |       |       |       ||    63
Evoke: Wand              |       |       |       |     1 |     3 ||     4
  Use: Scroll            |       |       |     7 |    11 |       ||    18
       Potion            |       |       |       |     3 |       ||     3
 Stab: Sleeping          |    23 |    18 |    11 |    18 |       ||    70
       Distracted        |       |       |     2 |    10 |       ||    12
  Eat: Royal jelly       |       |       |     2 |     1 |       ||     3
       Pizza             |       |       |       |     2 |       ||     2
       Fruit             |       |       |       |     4 |       ||     4
